 Dungeon Crawl Stone Soup version 0.27.1-3-gb3d3a73c9e (webtiles) character file.

Game seed: 10744247626861020437

1904 ABBCCCDDDD the Skirmisher (level 9, 0/62 HPs)
             Began as an Octopode Enchanter on Oct 8, 2021.
             Was an Initiate of Gozag.
             Splashed by a centaur's acid (11 damage)
             ... on level 7 of the Dungeon.
             The game lasted 00:18:40 (11303 turns).

ABBCCCDDDD the Skirmisher (Octopode Enchanter)     Turns: 11303, Time: 00:18:40

Health: 0/62       AC:  3    Str:  8    XL:     9   Next: 15%
Magic:  11/14      EV: 17    Int: 20    God:    Gozag
Gold:   40         SH:  0    Dex: 12    Spells: 6/15 levels left

rFire    . . .     SeeInvis .   o - +2 dagger (drain)
rCold    + . .     Faith    .   (no shield)
rNeg     . . .     Spirit   .   g - +2 hat
rPois    +         Reflect  .   w - amulet of magic regeneration
rElec    .         Harm     .   k - ring of protection from cold
rCorr    .         Rampage  .   s - ring of poison resistance
Will     .....                  x - +4 ring of evasion
Stlth    ++++......             (no ring)
HPRegen  0.20/turn              (no ring)
MPRegen  0.39/turn              (no ring)
                                (no ring)
                                (no ring)

@: no status effects
A: almost no armour, amphibious, 8 rings, camouflage 1, gelatinous body 1,
(nimble swimmer 1), tentacles
a: Renounce Religion, Potion Petition, Call Merchant, Bribe Branch


You were on level 7 of the Dungeon.
You worshipped Gozag.
Gozag was noncommittal.
You visited 2 branches of the dungeon, and saw 8 of its levels.

You collected 312 gold pieces.
You spent 154 gold pieces at shops.
You paid 118 gold pieces to Gozag.

Inventory:

Hand Weapons
 f - a +4 halberd
 m - a +0 trident of venom
 o - a +2 dagger of draining (weapon)
Missiles
 d - 23 poisoned darts (quivered)
 i - a throwing net
Armour
 g - a +2 hat (worn)
Jewellery
 k - a ring of protection from cold (left tentacle)
 s - a ring of poison resistance (right tentacle)
 w - an amulet of magic regeneration (around mantle)
 x - a +4 ring of evasion (on tentacle)
Wands
 q - a wand of iceblast (11)
Scrolls
 e - a scroll of fog
 n - a scroll of enchant weapon
 r - 2 scrolls of silence {unknown}
 v - a scroll of blinking {unknown}
 y - a scroll of enchant armour
Potions
 a - a potion of invisibility {unknown}
 b - a potion of haste {unknown}
 c - a potion of flight {unknown}
 h - a potion of heal wounds
 j - a potion of mutation {unknown}
 l - a potion of degeneration {unknown}
 p - a potion of ambrosia {unknown}
 t - a potion of lignification {unknown}
 u - a potion of resistance {unknown}


   Skills:
 - Level 6.1 Fighting
 - Level 1.8 Short Blades
 - Level 2.0 Dodging
 + Level 5.3 Stealth
 + Level 3.8 Spellcasting
 - Level 5.0 Hexes
 + Level 5.6 Ice Magic
 - Level 5.0 Evocations


You had 6 spell levels left.
You knew the following spells:

 Your Spells              Type           Power      Damage    Failure   Level
a - Corona                Hex            25%        N/A       1%          1
b - Ensorcelled Hibernat  Hex/Ice        50%        N/A       2%          2
c - Tukima's Dance        Hex            23%        N/A       4%          3
d - Frozen Ramparts       Ice            52%        1d7       3%          3

Your spell library contained the following spells:

 Spells                   Type           Power      Damage    Failure   Level
 Freeze                   Ice            100%       1d11      1%          1
 Confusing Touch          Hex            23%        N/A       4%          3
 Sandblast                Erth           6%         2d5       13%         1
 Dazzling Flash           Conj/Hex       26%        N/A       14%         3
 Passwall                 Tmut/Erth      2%         N/A       21%         2
 Hailstorm                Conj/Ice       15%        3d5       38%         4
 Lee's Rapid Deconstruct  Erth           1%         3d5*      98%         5


Dungeon Overview and Level Annotations

Branches:
Dungeon (7/15)             Temple (1/1) D:7

Altars:
Ashenzari
Cheibriados
Fedhas
Gozag
Kikubaaqudgha
Nemelex Xobeh
Qazlal
Ru
Trog
Uskayaw
Vehumet
Wu Jian
Xom
Yredelemnul
Zin

Shops:
D:1 =*(   D:5 =

Annotations:
D:3 exclusion: downstairs
D:4 exclusion: oklob plant
D:5 exclusion: downstairs
D:6 exclusion: two-headed ogre, Eustachio, Maggie


Innate Abilities, Weirdness & Mutations

You cannot wear most types of armour.
You are amphibious.
You can wear up to eight rings at the same time.
Your skin changes colour to match your surroundings (Stealth+).
Your rubbery body absorbs attacks. (AC +1, EV +1)
((You are camouflaged near water. (Stealth+)))
You have tentacles for arms and can constrict up to eight enemies at once.


Message History

You hear the roar of battle.
There is an entrance to a bailey on this level.
Hurry and find it before the portal closes forever!
There is a staircase to the Ecumenical Temple here.
There is an open door here.
Found a broken altar of Ashenzari.
A sky beast comes into view.
You hear the quick creaking of a portcullis very nearby.
There is a stone staircase leading up here.
A centaur comes into view. It is carrying a wand of acid (10).
Casting: Frozen Ramparts (dangerous; 3% risk of failure)
Confirm with . or Enter, or press ? or * to list all spells.
Aiming: Corona (safe; 1% risk of failure)
Press: ? - help, Shift-Dir - straight line, f - centaur
Aim: a centaur, quivering arrows and carrying a wand of acid (10) (wandering, hasn't noticed you, chance to affect: 62%)
The centaur shouts!
The centaur is outlined in light.
The centaur wields a +0 shortbow.
The centaur shoots an arrow.
The arrow closely misses you.
The centaur shoots an arrow.
The arrow closely misses you.
The centaur shoots an arrow.
The arrow hits you!
The centaur zaps a wand.
The bolt of acid hits you!
You are splashed with acid!
Okay, then.
Casting: Corona (safe; 1% risk of failure)
Confirm with . or Enter, or press ? or * to list all spells.
Aiming: Ensorcelled Hibernation (safe; 2% risk of failure)
Press: ? - help, Shift-Dir - straight line, f/p - centaur
Aim: a centaur, wielding a +0 shortbow, quivering arrows and carrying a wand of acid (9) (softly glowing, chance to affect: 54%)
The centaur resists with significant effort.
The centaur shoots an arrow.
The arrow misses you.
Casting: Ensorcelled Hibernation (safe; 2% risk of failure)
Confirm with . or Enter, or press ? or * to list all spells.
Aiming: Ensorcelled Hibernation (safe; 2% risk of failure)
Press: ? - help, Shift-Dir - straight line, f/p - centaur
Aim: a centaur, wielding a +0 shortbow, quivering arrows and carrying a wand of acid (9) (softly glowing, chance to affect: 54%)
The centaur resists with significant effort.
The centaur shoots an arrow.
The arrow misses you.
The centaur zaps a wand.
The bolt of acid hits you!
* * * LOW HITPOINT WARNING * * *
You are splashed with acid!
You die...
Your body crumbles into a pile of gold.

#...######## ##.## #.##
#.. #.# #... #.# #.#
#### #.. #.# #.# #.# #.#
#.# #####
#.###<###########....
#.##@.)...........###
######.##..#############
.........c.......#
###c....########.#
#....#### #.#.. .... ≈≈≈
###


You could see a centaur (corona).

Levels and vault maps discovered:
D:1:      minmay_arrival_cross, layout_rooms,
          ebering_ecumenical_altar_sacrificial, serial_shops, shop_statue, shop,
          shop
D:2:      layout_rooms
D:3:      layout_rooms, lemuel_round_altar, overflow_temple_1_default,
          uniq_robin
D:4:      layout_basic, tgw_fedhas
D:5:      layout_basic, serial_shops,
          nicolae_shop_temple_entry_statues_fountains, st_stairs_2
D:6:      wad_river_or_something, layout_cave_pools, chequers_arboretum,
          uniq_eustachio, uniq_duvessa, uniq_maggie
D:7:      layout_loops_ring, nicolae_ashenzari_skybound,
          minmay_temple_entry_enclosed_plants, enter_bailey_4, uniq_pikel
Temple:   minmay_freezing_vapour_temple

Notes
Turn   | Place    | Note
-------+----------+-------------------------------------------
     0 | D:1      | ABBCCCDDDD the Octopode Enchanter began the quest for the
                  | Orb.
     0 | D:1      | Reached XP level 1. HP: 11/11 MP: 3/3
    39 | D:1      | Found Ydizxec's Assorted Antiques.
   346 | D:1      | Found Rouxt's Weapon Boutique.
   375 | D:1      | Reached skill level 1 in Fighting
   375 | D:1      | Reached XP level 2. HP: 6/18 MP: 5/5
   871 | D:1      | Found Usir Jam's Jewellery Shop.
   889 | D:1      | Found a faded altar of an unknown god.
  1037 | D:2      | Reached skill level 2 in Fighting
  1037 | D:2      | Reached XP level 3. HP: 21/24 MP: 4/6
  1040 | D:2      | Learned a level 2 spell: Ensorcelled Hibernation
  1271 | D:1      | Reached skill level 1 in Ice Magic
  1271 | D:1      | Reached XP level 4. HP: 26/30 MP: 4/7
  2163 | D:3      | Found a bloodstained altar of Trog.
  2179 | D:3      | Noticed Robin
  2502 | D:2      | Reached XP level 5. HP: 36/36 MP: 4/8
  2527 | D:3      | Reached skill level 3 in Fighting
  2580 | D:3      | Found an ancient bone altar of Kikubaaqudgha.
  3350 | D:3      | Killed Robin
  3600 | D:4      | Reached XP level 6. HP: 42/42 MP: 9/9
  4164 | D:4      | Noticed a steam dragon
  4470 | D:4      | Reached skill level 4 in Fighting
  4962 | D:4      | Found a blossoming altar of Fedhas.
  4976 | D:4      | Noticed an oklob plant
  5149 | D:5      | Entered Level 5 of the Dungeon
  5547 | D:5      | Learned a level 3 spell: Tukima's Dance
  5560 | D:5      | Reached skill level 5 in Fighting
  5560 | D:5      | Reached XP level 7. HP: 24/50 MP: 3/10
  6717 | D:5      | Found Acanugorgh's Jewellery Shoppe.
  6795 | D:5      | Reached skill level 6 in Fighting
  7589 | D:4      | Reached skill level 5 in Hexes
  7589 | D:4      | Reached XP level 8. HP: 57/57 MP: 7/12
  7636 | D:4      | Learned a level 3 spell: Frozen Ramparts
  8083 | D:1      | Bought an embroidered hat for 154 gold pieces
  8178 | D:5      | Reached skill level 1 in Evocations
  8279 | D:6      | Noticed Maggie
  9693 | D:6      | Noticed a two-headed ogre
 10075 | D:6      | Noticed Duvessa
 10095 | D:6      | Killed Duvessa
 10096 | D:6      | Reached skill level 5 in Ice Magic
 10099 | D:6      | Noticed Dowan
 10308 | D:6      | Killed Dowan
 10497 | D:6      | Reached skill level 5 in Evocations
 10813 | D:6      | Noticed Eustachio
 10885 | D:7      | Reached XP level 9. HP: 50/62 MP: 5/14
 11133 | D:7      | Reached skill level 5 in Stealth
 11243 | D:7      | Found a staircase to the Ecumenical Temple.
 11249 | Temple   | Entered the Ecumenical Temple
 11254 | Temple   | Became a worshipper of Gozag Ym Sagoz the Greedy
 11272 | D:7      | Found a broken altar of Ashenzari.
 11303 | D:7      | Splashed by a centaur's acid

Table legend: (Time is in decaauts)
 A = Elapsed time spent in this place.
 B = Non-inter-level travel time spent in this place.
 C = Inter-level travel time spent in this place.
 D = Time resting spent in this place.
 E = Time spent auto-exploring this place.
 F = Levels seen in this place.
 G = Mean time per level.
                   A        B        C        D        E       F      G
               +--------+--------+--------+--------+--------+-----+--------+
         Total |  11308 |  10736 |    572 |   6439 |   2156 |   8 | 1413.5 |
       Dungeon |  11297 |  10729 |    568 |   6439 |   2156 |   7 | 1613.9 |
        Temple |     10 |      6 |      4 |      0 |      0 |   1 |   10.0 |
               +--------+--------+--------+--------+--------+-----+--------+

Top non-repeatable levels by time:
     D:5: 3814 daAuts
     D:3: 1779 daAuts
     D:2: 1665 daAuts
     D:1: 1369 daAuts
     D:4: 1264 daAuts
     D:6: 992 daAuts
     D:7: 413 daAuts
  Temple: 10 daAuts

Table legend:
 A = Kills in this place as a percentage of kills in entire the game.
 B = Kills by you in this place as a percentage of kills by you in the entire game.
 C = Kills by friends in this place as a percentage of kills by friends in the entire game.
 D = Other kills in this place as a percentage of other kills in the entire game.
 E = Experience gained in this place as a percentage of experience gained in the entire game.
 F = Experience gained in this place divided by the number of levels of this place that you have seen.
                   A       B       C       D       E      F
               +-------+-------+-------+-------+-------+----------------------
         Total | 100.0 | 100.0 | 100.0 |   N/A | 100.0 | 340.0
       Dungeon | 100.0 | 100.0 | 100.0 |   N/A | 100.0 | 388.6
               +-------+-------+-------+-------+-------+----------------------

Action                   |  1- 3 |  4- 6 |  7- 9 || total
-------------------------+-------+-------+-------++-------
Melee: Dagger            |    59 |   177 |   171 ||   407
       Tentacles         |    10 |    28 |    27 ||    65
       Constrict         |    10 |    43 |    35 ||    88
Throw: Dart              |       |       |    27 ||    27
 Cast: Corona            |     3 |     9 |    25 ||    37
       Ensorcelled Hiber |     3 |    16 |    26 ||    45
       Tukima's Dance    |       |     1 |     3 ||     4
       Frozen Ramparts   |       |       |     3 ||     3
Evoke: Wand              |       |     1 |       ||     1
  Use: Scroll            |       |     4 |     6 ||    10
       Potion            |       |     1 |     2 ||     3
 Stab: Sleeping          |    10 |    17 |    17 ||    44
Armor: Skin              |     2 |    15 |    19 ||    36
Dodge: Dodged            |    39 |   115 |    97 ||   251

Vanquished Creatures
  Duvessa (D:6)
  2 orc warriors
  3 sky beasts
  An ogre (D:5)
  A bullfrog (D:7)
  2 scorpions
  Dowan (D:6)
  2 water moccasin skeletons
  3 orc priests
  3 hounds
  2 bullfrog skeletons
  A jelly (D:6)
  2 iguanas (D:5)
  8 orc wizards
  A killer bee zombie (D:6)
  A hound skeleton (D:5)
  A howler monkey zombie (D:6)
  Robin (D:3)
  3 gnolls (D:4)
  A howler monkey skeleton (D:5)
  12 adders
  A shadow imp (D:7)
  2 ufetubi (D:5)
  3 dart slugs
  27 orcs
  8 ball pythons
  7 bats
  4 endoplasms
  4 giant cockroaches
  10 hobgoblins
  2 jackals
  4 quokkas
  2 frilled lizards (D:1)
  14 goblins
  12 kobolds
  6 rats
158 creatures vanquished.

Vanquished Creatures (collateral kills)
  An ogre (D:7)
1 creature vanquished.

Vanquished Creatures (others)
  A dancing weapon (D:7)
  35 fungi (D:4)
  62 plants (D:4)
98 creatures vanquished.

Grand Total: 257 creatures vanquished
